[Event "42nd Olympiad Baku 2016 Women"]
[Site "Baku"]
[Date "2016.09.02"]
[Round "1.3"]
[White "Kulon, Klaudia"]
[Black "Alymbay Kyzy, Aizhan"]
[Result "1-0"]
[ECO "B19"]
[WhiteElo "2346"]
[BlackElo "1913"]
[PlyCount "73"]
[EventDate "2016.??.??"]
[EventCountry "AZE"]
[WhiteTeam "Polen"]
[BlackTeam "Kirgistan"]
[WhiteTeamCountry "POL"]
[BlackTeamCountry "KGZ"]
[TimeControl "40/5400+30:1800+30"]
[WhiteClock "0:43:48"]
[BlackClock "0:10:19"]

1. e4 {(00:00} c6 {(00:00} 2. d4 {(00:00} d5 {(
00:00} 3. Nc3 {(00:00} dxe4 {(00:00} 4. Nxe4 {(00:00}
Bf5 {(00:02} 5. Ng3 {(00:00} Bg6 {(00:05} 6. h4 {
(00:00} h6 {(00:04} 7. Nf3 {(00:17} Nd7 {(00:05]
} 8. h5 {(00:04} Bh7 {(00:03} 9. Bd3 {(00:26} Bxd3 {
(00:06} 10. Qxd3 {(00:05} e6 {(00:04} 11. Bd2 {(
00:07} Ngf6 {(00:06} 12. O-O-O {(00:18} Be7 {(00:03}
13. Kb1 {(00:11} O-O {(00:14} 14. Ne4 {(00:23} Nxe4 {
(00:07} 15. Qxe4 {(00:02} Nf6 {(00:04} 16. Qe2 {
(00:05} Qd5 {(00:19} 17. Be3 {(01:53} Qa5 {(17:
46} 18. Ne5 {(03:18} c5 {(03:27} 19. Bd2 {(05:32} Qb6
{(04:34} 20. dxc5 {(03:41} Qxc5 {(07:51} 21. g4 {
(02:20} Rac8 {(01:16} 22. c3 {(01:13} Bd6 {(15:
59} 23. f4 {(04:53} Qd5 {(03:46} 24. Rhe1 {(04:56}
Rfd8 {(14:01} 25. Bc1 {(02:01} Qc5 {(02:45} 26. Nxf7 {
(13:27} Kxf7 {(03:29} 27. Qxe6+ {(00:06} Kf8 {(
00:02} 28. Be3 {(00:24} Qc6 {(01:17} 29. Bf2 {(07:30}
Qd7 {(01:26} 30. g5 {(05:19} Qxe6 {(00:28} 31. Rxe6 {
(00:02} Bxf4 {(00:13} 32. Rxd8+ {(01:42} Rxd8 {(
00:05} 33. Bc5+ {(00:04} Kg8 {(11:31} 34. gxf6 {(00:27]
} b6 {(05:02} 35. Bd4 {(02:47} gxf6 {(00:21} 36. Rxf6 {
(00:21} Bg5 {(01:00} 37. Rg6+ {(00:48} 1-0

[Event "42nd Olympiad Baku 2016 Women"]
[Site "Baku"]
[Date "2016.09.02"]
[Round "1.24"]
[White "Lahav, Michal"]
[Black "Gonzalez, Yaribeth"]
[Result "1-0"]
[ECO "C97"]
[WhiteElo "2054"]
[BlackElo "1826"]
[PlyCount "75"]
[EventDate "2016.??.??"]
[EventCountry "AZE"]
[WhiteTeam "Israel"]
[BlackTeam "Panama"]
[WhiteTeamCountry "ISR"]
[BlackTeamCountry "PAN"]
[TimeControl "40/5400+30:1800+30"]
[WhiteClock "0:06:45"]
[BlackClock "0:00:40"]

1. e4 {(00:00} e5 {(00:00} 2. Nf3 {(00:00} Nc6 {
(00:00} 3. Bb5 {(00:00} d6 {(00:00} 4. O-O {(00:
00} Nf6 {(00:03} 5. Re1 {(00:00} Be7 {(00:09} 6. c3 {
(00:12} O-O {(00:35} 7. h3 {(00:08} a6 {(02:00}
8. Ba4 {(00:18} b5 {(00:24} 9. Bb3 {(00:11} Na5 {
(01:46} 10. Bc2 {(00:11} c5 {(06:16} 11. d4 {(
00:17} Qc7 {(01:06} 12. Nbd2 {(00:53} Bb7 {(08:12} 13.
d5 {(06:41} c4 {(20:19} 14. Nf1 {(17:59} Rac8 {(
15:38} 15. Bd2 {(09:27} Ba8 {(00:42} 16. b4 {(13:25}
Nb7 {(00:18} 17. a4 {(02:34} Nd7 {(18:45} 18. axb5 {
(02:23} axb5 {(00:04} 19. Ng3 {(00:55} g6 {(10:
55} 20. Bh6 {(00:40} Rfe8 {(00:02} 21. Ra6 {(00:50}
Nd8 {(08:55} 22. Be3 {(00:26} Rb8 {(02:19} 23. Nh2 {
(02:55} Bb7 {(00:09} 24. Ra1 {(00:42} Ra8 {(00:
20} 25. Qf3 {(01:23} f6 {(01:49} 26. Rxa8 {(10:08}
Bxa8 {(00:02} 27. h4 {(00:32} Nf7 {(01:16} 28. h5 {
(00:08} Ng5 {(00:57} 29. Qg4 {(06:25} Nf8 {(00:
13} 30. Ra1 {(02:42} Qd7 {(00:30} 31. Qd1 {(08:02} Bb7
{(00:01} 32. Ng4 {(00:13} Ra8 {(00:38} 33. Rxa8 {
(08:28} Bxa8 {(00:01} 34. Bxg5 {(00:08} fxg5 {(
00:02} 35. Qf3 {(00:15} Qe8 {(02:17} 36. Nf6+ {(02:23}
Bxf6 {(00:01} 37. Qxf6 {(00:01} gxh5 {(01:06} 38. Nf5 {
(00:20} 1-0

[Event "42nd Olympiad Baku 2016 Women"]
[Site "Baku"]
[Date "2016.09.02"]
[Round "1.24"]
[White "Lakinska, Simona"]
[Black "Pratyusha, Bodda"]
[Result "0-1"]
[ECO "C50"]
[WhiteElo "1695"]
[BlackElo "2287"]
[PlyCount "78"]
[EventDate "2016.??.??"]
[EventCountry "AZE"]
[WhiteTeam "Mazedonien"]
[BlackTeam "Indien"]
[WhiteTeamCountry "MKD"]
[BlackTeamCountry "IND"]
[TimeControl "40/5400+30:1800+30"]
[WhiteClock "0:00:38"]
[BlackClock "0:06:10"]

1. e4 {(00:00} e5 {(00:00} 2. Nf3 {(00:00} Nc6 {
(00:10} 3. Bc4 {(00:12} Bc5 {(00:14} 4. O-O {(
00:30} Nf6 {(00:48} 5. d3 {(01:17} O-O {(02:00} 6. c3
{(01:25} d6 {(01:17} 7. Nbd2 {(04:02} Bb6 {(01:
49} 8. Re1 {(04:33} Ne7 {(01:39} 9. Nf1 {(02:18} Ng6 {
(00:34} 10. Ng3 {(01:23} h6 {(03:20} 11. h3 {(
05:37} c6 {(09:24} 12. Bb3 {(17:46} Re8 {(02:34} 13.
d4 {(09:05} Qc7 {(02:26} 14. d5 {(12:23} Bd7 {(
02:47} 15. Be3 {(02:29} Rad8 {(04:23} 16. c4 {(04:59}
Nf4 {(02:52} 17. Bxb6 {(08:04} axb6 {(04:21} 18. Nh2 {
(03:28} Qc8 {(02:00} 19. Qf3 {(02:06} Nh7 {(04:
45} 20. h4 {(04:25} c5 {(08:12} 21. Ne2 {(04:03} Ng6 {
(04:27} 22. g3 f5 {(05:20} 23. exf5 {(07:40} Bxf5 {
(00:57} 24. Nc3 {(00:24} Nf6 {(02:29} 25. Rac1 {
(02:05} e4 {(09:06} 26. Qe2 {(01:08} Ng4 {(05:
39} 27. Bc2 {(01:16} Nf6 {(05:49} 28. b3 {(00:37} Re7
{(00:57} 29. Qf1 {(00:40} Rde8 {(01:35} 30. Nd1 {
(00:11} Ne5 {(04:38} 31. Ne3 {(00:21} Bh7 {(01:
14} 32. Qe2 {(00:52} Rf8 {(01:15} 33. Kh1 {(00:35} Nd3
{(00:37} 34. Bxd3 {(00:22} exd3 {(00:05} 35. Qb2 {
(00:31} Ne4 {(00:37} 36. Nhf1 {(00:39} Rxf2 {(
01:17} 37. Qa1 {(00:27} Qh3+ {(01:00} 38. Kg1 {(00:11}
Ref7 {(00:26} 39. Rcd1 {(00:48} Nxg3 {(00:17} 0-1

[Event "42nd Olympiad Baku 2016 Women"]
[Site "Baku"]
[Date "2016.09.02"]
[Round "1.26"]
[White "Laubscher, Anzel"]
[Black "Lanchava, Tea"]
[Result "0-1"]
[ECO "A88"]
[WhiteElo "1814"]
[BlackElo "2258"]
[PlyCount "88"]
[EventDate "2016.??.??"]
[EventCountry "AZE"]
[WhiteTeam "Südafrika"]
[BlackTeam "Niederlande"]
[WhiteTeamCountry "RSA"]
[BlackTeamCountry "NED"]
[TimeControl "40/5400+30:1800+30"]
[WhiteClock "0:30:55"]
[BlackClock "1:06:52"]

1. d4 {(00:00} f5 {(00:00} 2. c4 {(00:00} Nf6 {(
00:04} 3. Nc3 {(00:29} g6 {(00:20} 4. Nf3 {(00:22} Bg7
{(00:27} 5. g3 {(00:35} O-O {(00:17} 6. Bg2 {(
00:36} d6 {(00:10} 7. O-O {(01:12} c6 {(00:36} 8. Re1
{(03:13} Ne4 {(03:42} 9. Qb3 {(14:17} Kh8 {(08:
20} 10. Bf4 {(05:32} Qe8 {(01:29} 11. Nxe4 {(10:19}
fxe4 {(00:27} 12. Ng5 {(01:10} Bxd4 {(01:32} 13. Nxe4 {
(06:50} Nd7 {(01:41} 14. Bh6 {(02:57} Rf7 {(00:
54} 15. Rad1 {(05:45} Nc5 {(03:23} 16. Qc2 {(08:03}
Nxe4 {(04:28} 17. Rxd4 {(01:40} Nf6 {(01:15} 18. h3 {
(05:04} Bd7 {(03:47} 19. b4 {(05:47} Rc8 {(01:
13} 20. a3 {(04:42} c5 {(02:50} 21. Rdd1 {(02:15} Ba4
{(01:03} 22. Qb2 {(01:24} Bxd1 {(00:11} 23. Rxd1 {
(00:55} cxb4 {(01:07} 24. axb4 {(00:21} Kg8 {(
10:02} 25. Qa2 {(04:07} b5 {(01:44} 26. Rc1 {(03:44}
bxc4 {(04:04} 27. Rxc4 {(00:16} e6 {(00:11} 28. Bf4 {
(03:34} d5 {(01:04} 29. Rc5 {(01:56} Rxc5 {(04:
35} 30. bxc5 {(00:09} Qb5 {(00:58} 31. Bd6 {(01:16}
Ne8 {(01:09} 32. e4 {(01:46} Nxd6 {(02:57} 33. cxd6 {
(00:15} Qc4 {(04:58} 34. Qxc4 {(02:46} dxc4 {(
00:08} 35. e5 {(00:16} c3 {(00:19} 36. Be4 {(00:21}
Kf8 {(00:08} 37. h4 {(00:58} Rb7 {(00:46} 38. Kf1 {
(01:15} Rb5 {(00:59} 39. f4 {(00:25} Rb4 {(00:
12} 40. Bd3 {(00:00} a5 {(00:00} 41. h5 {(01:57} a4 {
(00:39} 42. hxg6 {(00:20} hxg6 {(00:06} 43. Bxg6 {
(01:49} a3 {(00:08} 44. f5 {(00:27} c2 {(00:45}
0-1

[Event "42nd Olympiad Baku 2016 Women"]
[Site "Baku"]
[Date "2016.09.02"]
[Round "1.10"]
[White "Lee, Seyeon"]
[Black "Rogule, Laura"]
[Result "0-1"]
[ECO "B58"]
[WhiteElo "1577"]
[BlackElo "2306"]
[PlyCount "106"]
[EventDate "2016.??.??"]
[EventCountry "AZE"]
[WhiteTeam "Korea"]
[BlackTeam "Lettland"]
[WhiteTeamCountry "KOR"]
[BlackTeamCountry "LAT"]
[TimeControl "40/5400+30:1800+30"]
[WhiteClock "0:02:24"]
[BlackClock "0:16:09"]

1. e4 {(00:00} c5 {(00:00} 2. Nf3 {(00:00} Nc6 {
(00:00} 3. d4 {(00:14} cxd4 {(00:00} 4. Nxd4 {(
00:14} Nf6 {(00:07} 5. Nc3 {(00:34} d6 {(01:11} 6. Be2
{(05:49} e5 {(03:18} 7. Nf3 {(03:16} h6 {(02:16]
} 8. O-O {(04:53} Be7 {(05:20} 9. Be3 {(04:12} Be6 {
(05:41} 10. Kh1 {(05:37} O-O {(07:39} 11. Nd2 {(
10:46} d5 {(09:42} 12. exd5 {(04:27} Nxd5 {(00:06} 13.
Nxd5 {(08:10} Bxd5 {(00:22} 14. f4 {(04:33} exf4 {
(03:48} 15. Bxf4 {(02:13} Bf6 {(13:03} 16. c3 {(
05:32} Ne5 {(02:20} 17. Qc2 {(06:08} Ng6 {(06:51} 18.
Bg3 {(05:20} Re8 {(04:24} 19. Bf3 {(04:00} Bxf3 {
(01:46} 20. Nxf3 {(00:51} Qa5 {(05:38} 21. a3 {(
03:13} Re6 {(02:33} 22. Rfe1 {(02:00} Rae8 {(00:23}
23. Rxe6 {(02:25} Rxe6 {(00:05} 24. Re1 {(01:21} Rxe1+
{(01:02} 25. Bxe1 {(01:38} Qb5 {(01:33} 26. Kg1 {
(04:52} Nf4 {(00:41} 27. g3 {(07:55} Qd3 {(05:
32} 28. Qd2 {(02:06} Qxd2 {(10:22} 29. Bxd2 {(00:07}
Nd3 {(00:08} 30. b4 {(01:32} Kf8 {(04:07} 31. Kf1 {
(00:13} Nb2 {(02:05} 32. Nd4 {(00:38} Bxd4 {(02:
58} 33. cxd4 {(00:06} b5 {(00:21} 34. Ke2 {(00:19} Ke7
{(00:14} 35. Bc1 {(00:20} Nc4 {(00:18} 36. Kd3 {
(00:32} Nb6 {(01:06} 37. Ke4 {(00:37} Ke6 {(00:
21} 38. g4 {(01:20} Nd5 {(00:33} 39. Kd3 {(00:36} Nf6
{(00:48} 40. h3 {(00:00} Kd5 {(00:00} 41. Bd2 {(
07:42} Ne4 {(05:32} 42. Be3 {(03:10} g5 {(08:59} 43.
Ke2 {(16:37} Nd6 {(04:13} 44. Kd3 {(02:20} Nc4 {
(00:29} 45. Bc1 {(00:45} a6 {(00:53} 46. Kc3 {(
00:57} Ke4 {(00:17} 47. a4 {(00:58} Nb6 {(00:25} 48.
axb5 {(01:48} axb5 {(00:02} 49. Bb2 {(00:37} Na4+ {
(00:22} 50. Kb3 {(00:07} Nxb2 {(00:11} 51. Kxb2 {
(00:09} Kxd4 {(00:04} 52. Kb3 {(00:09} Kd3 {(00:
07} 53. Ka3 {(00:08} Kc3 {(00:05} 0-1

[Event "42nd Olympiad Baku 2016 Women"]
[Site "Baku"]
[Date "2016.09.02"]
[Round "1.34"]
[White "Levushkina, Elena"]
[Black "Aleksandrova, Aleksandra"]
[Result "1-0"]
[ECO "B12"]
[WhiteElo "2342"]
[BlackElo "1848"]
[PlyCount "105"]
[EventDate "2016.??.??"]
[EventCountry "AZE"]
[WhiteTeam "Deutschland"]
[BlackTeam "Israel"]
[WhiteTeamCountry "GER"]
[BlackTeamCountry "ISR"]
[TimeControl "40/5400+30:1800+30"]
[WhiteClock "0:00:45"]
[BlackClock "0:02:58"]

1. e4 {(00:00} c6 {(00:39} 2. d4 {(00:00} d6 {(
00:23} 3. Nc3 {(00:46} Nd7 {(00:18} 4. f4 {(01:41} e5
{(01:09} 5. Nf3 {(01:49} Qc7 {(01:34} 6. Be2 {(
03:00} Ngf6 {(00:50} 7. O-O {(03:59} Be7 {(01:00} 8.
a4 {(04:06} a5 {(00:30} 9. Kh1 {(02:39} O-O {(
00:53} 10. Qe1 {(11:52} exd4 {(06:58} 11. Nxd4 {(00:40]
} Nc5 {(00:08} 12. Bf3 {(19:13} Re8 {(00:35} 13. Qf2 {
(01:46} Bf8 {(08:59} 14. Re1 {(00:59} Bd7 {(05:
02} 15. f5 {(08:19} d5 {(08:46} 16. exd5 {(03:04}
Rxe1+ {(03:50} 17. Qxe1 {(00:04} Re8 {(00:08} 18. Qh4 {
(22:13} Qe5 {(10:32} 19. Bg5 {(03:36} Nxd5 {(03:
37} 20. Bxd5 {(05:52} cxd5 {(00:22} 21. Rf1 {(01:06}
Ne4 {(00:02} 22. Nf3 {(00:27} Qxf5 {(00:34} 23. Nb5 {
(02:25} Bxb5 {(11:46} 24. axb5 {(00:05} d4 {(00:
16} 25. Bd8 {(01:57} Qxb5 {(00:31} 26. Re1 {(00:28}
Nf2+ {(06:02} 27. Qxf2 {(00:21} Rxd8 {(00:01} 28. Ne5 {
(00:41} f6 {(00:23} 29. Nd3 {(00:10} Qd7 {(02:
51} 30. Re4 {(00:39} Qa4 {(04:28} 31. h4 {(00:48} b6 {
(03:56} 32. b3 {(00:34} Qa1+ {(01:43} 33. Re1 {(
00:16} Qc3 {(00:31} 34. Qe2 {(00:45} Rd6 {(00:32} 35.
Qf2 {(00:27} Qc6 {(00:52} 36. Nf4 {(00:33} g5 {(
06:26} 37. Nd3 {(00:26} gxh4 {(06:13} 38. Qxh4 {(00:33]
} f5 {(02:43} 39. Qf2 {(00:14} Rg6 {(01:45} 40. Nf4 {
(00:00} Rh6+ {(00:00} 41. Kg1 {(00:50} Bd6 {(03:
02} 42. Re2 {(24:10} a4 {(05:19} 43. Qg3+ {(03:04} Kf7
{(00:58} 44. Qg5 {(00:28} Bc5 {(11:29} 45. Nd3 {
(01:23} Qf6 {(06:30} 46. Ne5+ {(01:48} Kf8 {(00:
02} 47. Nd7+ {(00:37} Kf7 {(00:01} 48. Nxf6 {(00:54}
d3+ {(00:08} 49. Rf2 {(00:29} dxc2 {(04:48} 50. Qxh6 {
(00:57} axb3 {(00:02} 51. Nd7 {(00:57} Bd4 {(01:
05} 52. Qd2 {(00:59} Ke7 {(01:50} 53. Kf1 {(00:36} 1-0

[Event "42nd Olympiad Baku 2016 Women"]
[Site "Baku"]
[Date "2016.09.02"]
[Round "1.4"]
[White "Llaudy Pupo, Lisandra"]
[Black "Garcia Mendez, Alcira Guadalupe"]
[Result "1-0"]
[ECO "C50"]
[WhiteElo "2269"]
[BlackElo "1815"]
[PlyCount "113"]
[EventDate "2016.??.??"]
[EventCountry "AZE"]
[WhiteTeam "Kuba"]
[BlackTeam "El Salvador"]
[WhiteTeamCountry "CUB"]
[BlackTeamCountry "ESA"]
[TimeControl "40/5400+30:1800+30"]
[WhiteClock "0:27:24"]
[BlackClock "0:23:56"]

1. e4 {(00:00} e5 {(00:00} 2. Nf3 {(00:00} Nc6 {
(00:01} 3. Bc4 {(00:10} Nf6 {(00:32} 4. d3 {(00:
22} Bc5 {(01:11} 5. c3 {(00:38} d6 {(00:10} 6. Nbd2 {
(00:43} Be6 {(06:12} 7. b4 {(12:15} Bb6 {(00:27]
} 8. a4 {(05:07} a5 {(08:58} 9. b5 {(02:32} Ne7 {
(00:07} 10. O-O {(07:11} Ng6 {(08:30} 11. Bxe6 {
(17:38} fxe6 {(00:15} 12. Nc4 {(01:45} c6 {(13:
49} 13. Nxb6 {(16:27} Qxb6 {(00:13} 14. Ng5 {(01:48}
Nf8 {(05:03} 15. Be3 {(06:06} Qc7 {(00:53} 16. bxc6 {
(00:21} bxc6 {(02:11} 17. Qb3 {(02:08} h6 {(07:
00} 18. Nf3 {(01:28} Rb8 {(00:48} 19. Qa2 {(00:19} d5
{(01:07} 20. Rab1 {(06:37} N8d7 {(00:21} 21. Rxb8+ {
(00:48} Qxb8 {(00:14} 22. Rb1 {(02:22} Qc7 {(00:
08} 23. Qb3 {(01:47} O-O {(00:43} 24. h3 {(04:04} Rb8
{(03:35} 25. Qc2 {(00:08} c5 {(02:19} 26. exd5 {
(02:53} exd5 {(00:18} 27. c4 {(01:04} Rxb1+ {(
08:20} 28. Qxb1 {(00:02} dxc4 {(00:22} 29. Qa2 {(02:44]
} Kh8 {(14:51} 30. Qxc4 {(00:08} Qb6 {(01:06} 31. Nd2 {
(03:44} Qb2 {(04:53} 32. Kh2 {(00:26} Qb4 {(04:
00} 33. f3 {(01:55} Qxc4 {(01:29} 34. Nxc4 {(00:38}
Nd5 {(00:02} 35. Bd2 {(00:20} N7b6 {(01:00} 36. Nxe5 {
(00:48} Nxa4 {(00:04} 37. Bxa5 {(00:07} Nb2 {(
02:00} 38. Kg3 {(00:13} g5 {(01:09} 39. Bd2 {(00:41}
Kg7 {(00:42} 40. h4 {(00:00} Nb4 {(00:00} 41. d4 {
(02:48} gxh4+ {(01:43} 42. Kxh4 {(00:11} N4d3 {(
00:03} 43. Nxd3 {(00:27} Nxd3 {(00:03} 44. dxc5 {(00:
19} Nxc5 {(00:07} 45. Kh5 {(00:06} Nd3 {(01:12} 46.
Bxh6+ {(00:13} Kf7 {(00:00} 47. g4 {(01:54} Ne5 {
(07:41} 48. f4 {(01:02} Nf3 {(00:35} 49. f5 {(
02:08} Kf6 {(01:00} 50. Bc1 {(00:34} Kf7 {(02:32} 51.
g5 {(01:11} Nd4 {(01:19} 52. g6+ {(00:40} Kg8 {(
00:23} 53. f6 {(00:21} Nf5 {(00:47} 54. f7+ {(00:22}
Kg7 {(01:06} 55. Bb2+ {(00:07} Kf8 {(00:06} 56. Ba3+ {
(00:05} Ne7 {(00:24} 57. Kg5 {(00:11} 1-0

[Event "42nd Olympiad Baku 2016 Women"]
[Site "Baku"]
[Date "2016.09.02"]
[Round "1.2"]
[White "Lomandong Noela-Joyce"]
[Black "Havlikova, Kristyna"]
[Result "1/2-1/2"]
[ECO "A37"]
[WhiteElo "1763"]
[BlackElo "2271"]
[PlyCount "88"]
[EventDate "2016.??.??"]
[EventCountry "AZE"]
[WhiteTeam "Monaco"]
[BlackTeam "Tschechien"]
[WhiteTeamCountry "MNC"]
[BlackTeamCountry "CZE"]
[TimeControl "40/5400+30:1800+30"]
[WhiteClock "0:41:12"]
[BlackClock "0:32:11"]

1. Nf3 {(00:00} c5 {(00:00} 2. g3 {(00:00} Nc6 {
(00:00} 3. Bg2 {(00:00} g6 {(00:18} 4. c4 {(00:
15} Bg7 {(00:18} 5. Nc3 {(00:17} e5 {(05:35} 6. d3 {
(01:14} Nge7 {(00:40} 7. Ne4 {(02:53} d6 {(09:
30} 8. Bg5 {(01:17} f5 {(02:36} 9. Nf6+ {(07:17} Kf7 {
(00:26} 10. Nd5 {(00:06} h6 {(00:51} 11. Bxe7 {(
03:07} Nxe7 {(00:06} 12. Nd2 {(00:10} Be6 {(01:54} 13.
e4 {(07:06} Rf8 {(27:34} 14. a3 {(16:39} Nxd5 {(
03:07} 15. cxd5 {(02:09} Bd7 {(00:13} 16. Nc4 {(01:22}
Qf6 {(04:28} 17. b4 {(05:28} Rac8 {(05:26} 18. f3 {
(05:33} Kg8 {(01:17} 19. O-O {(00:33} h5 {(08:
06} 20. Qd2 {(03:04} Kh7 {(03:00} 21. f4 {(01:30} exf4
{(00:32} 22. gxf4 {(01:39} fxe4 {(04:49} 23. dxe4 {
(04:23} Qd4+ {(04:01} 24. Qxd4 {(00:10} Bxd4+ {(
00:04} 25. Kh1 {(00:05} cxb4 {(09:04} 26. Nxd6 {(00:43]
} Rc7 {(01:46} 27. Rad1 {(03:34} Bc5 {(00:33} 28. e5 {
(00:26} Bxd6 {(03:44} 29. exd6 {(00:02} Rc3 {(
00:35} 30. Rde1 {(04:51} Bb5 {(00:57} 31. Re7+ {(00:25]
} Kh6 {(00:04} 32. Rfe1 {(03:31} bxa3 {(01:39} 33. Rxb7
{(00:16} a6 {(00:35} 34. Be4 {(13:39} a2 {(00:
32} 35. Rg1 {(00:36} Rg8 {(02:27} 36. d7 {(01:00} Bd3
{(00:09} 37. Bxd3 {(02:34} Rxd3 {(00:01} 38. Ra1 {
(00:12} Rd2 {(00:42} 39. Rb6 {(00:36} Rxd5 {(00:
28} 40. Rxa2 {(00:00} Rxd7 {(00:00} 41. f5 {(01:14}
Rf7 {(01:35} 42. fxg6 {(00:40} Rxg6 {(00:02} 43. Rxg6+
{(00:06} Kxg6 {(00:02} 44. Rxa6+ {(00:06} Kg5 {(
00:03} 1/2-1/2

[Event "42nd Olympiad Baku 2016 Women"]
[Site "Baku"]
[Date "2016.09.02"]
[Round "1.20"]
[White "Machlik, Monika"]
[Black "Sandiford, Segan"]
[Result "1-0"]
[ECO "D45"]
[WhiteElo "2060"]
[BlackElo "1226"]
[PlyCount "51"]
[EventDate "2016.??.??"]
[EventCountry "AZE"]
[WhiteTeam "Norwegen"]
[BlackTeam "Barbados"]
[WhiteTeamCountry "NOR"]
[BlackTeamCountry "BAR"]
[TimeControl "40/5400+30:1800+30"]
[WhiteClock "0:03:30"]
[BlackClock "0:00:59"]

1. d4 {(00:00} d5 {(00:00} 2. c4 {(00:00} c6 {(
00:00} 3. Nc3 {(00:00} Nf6 {(00:10} 4. e3 {(00:20} e6
{(00:21} 5. Nf3 {(00:09} Nbd7 {(00:49} 6. Qc2 {(
00:19} b6 {(02:03} 7. b3 {(04:21} Bb7 {(01:03} 8. Be2
{(01:22} Bd6 {(01:10} 9. O-O {(00:26} O-O {(00:
30} 10. Bb2 {(06:38} Qe7 {(00:49} 11. Rad1 {(00:55}
Rad8 {(01:05} 12. Rfe1 {(01:30} Rfe8 {(00:29} 13. Bf1 {
(03:00} c5 {(02:23} 14. cxd5 {(04:43} exd5 {(02:
52} 15. g3 {(04:17} h6 {(04:13} 16. Bg2 {(01:58} Qe6 {
(11:29} 17. Qd3 {(15:24} Ne4 {(17:00} 18. dxc5 {
(07:49} Ndxc5 {(10:45} 19. Qb1 {(15:38} Qf5 {(
14:09} 20. Nb5 {(04:41} Bb8 {(02:40} 21. Nbd4 {(01:06}
Qf6 {(20:07} 22. Qa1 {(10:37} Be5 {(03:01} 23. Qb1 {
(09:15} Bxd4 {(01:37} 24. Bxd4 {(00:29} Qf5 {(
00:47} 25. Qb2 {(02:01} Ne6 {(01:59} 26. Rc1 {(02:32}
1-0

[Event "42nd Olympiad Baku 2016 Women"]
[Site "Baku"]
[Date "2016.09.02"]
[Round "1.14"]
[White "Mammadova, Gulnar"]
[Black "Granados Diaz, Maria Esther"]
[Result "1-0"]
[ECO "B03"]
[WhiteElo "2304"]
[BlackElo "1831"]
[PlyCount "47"]
[EventDate "2016.??.??"]
[EventCountry "AZE"]
[WhiteTeam "Aserbeidschan"]
[BlackTeam "Nicaragua"]
[WhiteTeamCountry "AZE"]
[BlackTeamCountry "NCA"]
[TimeControl "40/5400+30:1800+30"]
[WhiteClock "0:51:54"]
[BlackClock "0:00:51"]

1. e4 {(00:00} Nf6 {(00:00} 2. e5 {(00:00} Nd5 {
(00:00} 3. c4 {(00:32} Nb6 {(00:00} 4. d4 {(00:
04} d6 {(00:00} 5. exd6 {(00:05} cxd6 {(00:02} 6. Nc3
{(00:45} Nc6 {(00:22} 7. Nf3 {(00:59} g6 {(02:
43} 8. Be3 {(03:02} Bg7 {(00:10} 9. Be2 {(00:36} Bg4 {
(09:19} 10. b3 {(04:14} e5 {(08:17} 11. O-O {(
04:55} Bxf3 {(17:50} 12. Bxf3 {(00:03} O-O {(00:19}
13. dxe5 {(08:43} Bxe5 {(06:14} 14. Rc1 {(01:59} Qd7 {
(22:53} 15. Qd2 {(04:21} Ne7 {(02:21} 16. Rfe1 {
(02:02} Rfd8 {(00:24} 17. Rcd1 {(01:32} Qc8 {(
04:00} 18. Nb5 {(05:26} Nf5 {(07:02} 19. Nxa7 {(04:01}
Nxc4 {(03:55} 20. bxc4 {(01:45} Qxc4 {(13:13} 21. Bxb7
{(02:15} Rab8 {(00:37} 22. Bd5 {(01:11} Qh4 {(
00:27} 23. g3 {(00:41} Qh5 {(00:31} 24. Qe2 {(00:55}
1-0

[Event "42nd Olympiad Baku 2016 Women"]
[Site "Baku"]
[Date "2016.09.02"]
[Round "1.16"]
[White "Markantonaki, Haritomeni"]
[Black "Saumy, Zainab"]
[Result "0-1"]
[ECO "B90"]
[WhiteElo "2188"]
[BlackElo "1688"]
[PlyCount "98"]
[EventDate "2016.??.??"]
[EventCountry "AZE"]
[WhiteTeam "Griechenland"]
[BlackTeam "Sri Lanka"]
[WhiteTeamCountry "GRE"]
[BlackTeamCountry "SRI"]
[TimeControl "40/5400+30:1800+30"]
[WhiteClock "0:20:48"]
[BlackClock "0:55:17"]

1. e4 {(00:00} c5 {(00:00} 2. Nf3 {(00:00} d6 {(
00:17} 3. d4 {(00:00} cxd4 {(00:12} 4. Nxd4 {(00:00}
Nf6 {(00:32} 5. Nc3 {(00:00} a6 {(00:20} 6. Bc4 {
(00:20} e6 {(01:06} 7. O-O {(00:34} Nbd7 {(01:
45} 8. Re1 {(01:04} b5 {(02:30} 9. Bb3 {(07:24} Nc5 {
(01:27} 10. Bg5 {(02:13} Nxb3 {(01:20} 11. axb3 {
(00:46} Bb7 {(00:51} 12. Qd3 {(07:00} Qc7 {(02:
02} 13. f4 {(10:12} Be7 {(01:20} 14. Re3 {(11:43} Rd8
{(05:49} 15. Rae1 {(08:08} O-O {(06:46} 16. Rh3 {
(07:12} g6 {(03:11} 17. f5 {(08:55} b4 {(03:44}
18. fxg6 {(09:44} bxc3 {(02:17} 19. gxh7+ {(00:32} Kh8
{(00:37} 20. bxc3 {(11:44} Qc5 {(02:18} 21. Bh6 {
(03:36} Rfe8 {(06:57} 22. Qg3 {(02:41} Bf8 {(00:
16} 23. Bg5 {(03:00} Bg7 {(00:46} 24. Qh4 {(01:23}
Nxe4 {(05:18} 25. Bxd8 {(00:35} e5 {(02:44} 26. b4 {
(03:03} Qa7 {(00:12} 27. Bg5 {(00:42} exd4 {(00:
22} 28. Bh6 {(00:50} dxc3+ {(00:17} 29. Be3 {(00:24}
Bd4 {(00:21} 30. Qf4 {(00:37} Bc8 {(01:57} 31. Rf3 {
(00:29} Bxe3+ {(03:16} 32. Rexe3 {(00:29} f5 {(
03:46} 33. Kh1 {(00:25} Qd4 {(00:33} 34. h3 {(00:41}
Qd2 {(02:06} 35. Kh2 {(00:25} Qxc2 {(01:48} 36. Rg3 {
(00:27} Qa2 {(01:38} 37. Qh6 {(00:29} Qf7 {(00:
18} 38. Qf4 {(00:36} Nxg3 {(02:29} 39. Qd4+ {(00:05}
Kxh7 {(00:44} 40. Rxg3 {(00:00} Re4 {(00:00} 41. Qxc3 {
(00:53} Bb7 {(01:49} 42. Qd2 {(02:04} Qe7 {(03:
30} 43. Qd1 {(07:09} Re2 {(02:06} 44. Qd4 {(00:42} Be4
{(02:10} 45. Qc4 {(00:43} Rxg2+ {(02:36} 46. Rxg2 {
(00:26} Bxg2 {(00:32} 47. Qxa6 {(01:24} Be4 {(
00:28} 48. Qa3 {(01:21} Qe5+ {(01:28} 49. Kg1 {(00:32}
Qd4+ {(00:22} 0-1